 Dungeon Crawl Stone Soup version 0.29-a0-422-gafbd6decc1 (webtiles) character file.

Game seed: 1675964993821126186

4313 jimonade the Thaumaturge (level 10, -11/75 HPs)
             Began as a Djinni Ice Elementalist on May 19, 2022.
             Mangled by a slime creature (14 damage)
             ... on level 7 of the Dungeon.
             The game lasted 00:39:57 (12428 turns).

jimonade the Thaumaturge (Djinni Ice Elementalist) Turns: 12428, Time: 00:39:58

Health: -11/75     AC: 12    Str: 11    XL:     10   Next: 58%
Gold:   376        EV: 11    Int: 17    God:
                   SH:  0    Dex: 20

rFire   + + .      SeeInvis .   m - +3 spear (vamp)
rCold   . . .      Faith    .   (no shield)
rNeg    . . .      Spirit   .   U - +3 ring mail
rPois   ∞          Reflect  .   s - +2 helmet
rElec   .          Harm     .   (no cloak)
rCorr   .          Rampage  .   (no gloves)
Will    +....                   (boots unavailable)
Stlth   ++........              (no amulet)
HPRegen 0.22/turn               h - +6 ring of dexterity
MPRegen 0.00/turn               k - ring of protection from cold

@: flying
A: sickness immunity, fire resistance 2, cold vulnerability 1, float, innate
caster, HP casting, extra vitality 1
a: no special abilities


You were on level 7 of the Dungeon.
You visited 1 branch of the dungeon, and saw 7 of its levels.
You also visited: Sewer and Bailey.

You collected 376 gold pieces.

Inventory:

Hand Weapons
 f - a +0 hunting sling
 m - a +3 vampiric spear (weapon)
 v - a +1 vorpal trident
 x - a +0 halberd
 A - a +0 battleaxe
 F - a +1 dagger of venom
 R - a +0 rapier
Missiles
 c - 283 stones
 z - 4 datura-tipped darts
 O - 17 poisoned darts
 P - 17 boomerangs
Armour
 a - a +0 robe
 b - a +3 leather armour
 e - a +0 ring mail
 i - a +0 chain mail
 s - a +2 helmet (worn)
 y - a +0 plate armour
 C - a +2 chain mail of willpower
 D - a +0 scale mail
 U - a +3 ring mail (worn)
Magical Staves
 B - a staff of poison
Jewellery
 g - a ring of ice
 h - a +6 ring of dexterity (left hand)
 k - a ring of protection from cold (right hand)
 E - an amulet of reflection
 M - a ring of willpower
 S - a ring of see invisible
 T - the amulet "Sepev" {Reflect -Tele rPois rC+ SH+5 Stlth+}
   (You found it in a bailey)

   [amulet of reflection]

   It reflects blocked missile attacks.
   rC:        It protects you from cold.
   rPois:     It protects you from poison.
   -Tele:     It prevents most forms of teleportation.
   SH:        It affects your SH (+5).
   Stlth:     It makes you more stealthy.
Wands
 G - a wand of iceblast (8)
 I - a wand of charming (5)
Scrolls
 o - 4 scrolls of teleportation
 p - 2 scrolls of brand weapon
 u - a scroll of blinking
 w - 7 scrolls of fog
 H - 2 scrolls of summoning {unknown}
 J - 2 scrolls of poison {unknown}
 K - 2 scrolls of fear {unknown}
 L - a scroll of enchant armour {unknown}
 N - a scroll of enchant weapon
 Q - 4 scrolls of acquirement
Potions
 d - 2 potions of might
 j - a potion of brilliance {unknown}
 l - 2 potions of curing {unknown}
 n - 2 potions of mutation {unknown}
 q - 3 potions of haste
 r - a potion of berserk rage {unknown}
 t - a potion of heal wounds {unknown}
Miscellaneous
 V - a piece from Xom's chessboard (15/15)


   Skills:
 * Level 7.0 Fighting
 - Level 3.2 Polearms
 * Level 5.3 Armour
 - Level 2.1 Dodging
 - Level 1.5 Stealth
 + Level 9.0 Spellcasting


You had 6 spell levels left.
You knew the following spells:

 Your Spells              Type           Power      Damage    Failure   Level
a - Freeze                Ice            100%       1d11      1%          1
b - Frozen Ramparts       Ice            76%        1d9       1%          3
c - Ozocubu's Armour      Ice            38%        N/A       1%          3
d - Hailstorm             Conj/Ice       38%        3d9       4%          4
e - Beastly Appendage     Tmut           76%        N/A       1%          1
f - Static Discharge      Conj/Air       38%        N/A       1%          2
g - Confusing Touch       Hex            38%        N/A       1%          3
h - Dispel Undead         Necr           38%        3d16      4%          4
Your spell library was empty.

Dungeon Overview and Level Annotations

Branches:
Dungeon (7/15)             Temple (0/1) D:7           Sewer (visited)
 Bailey (visited)

Altars:
Hepliaklqana
Nemelex Xobeh
Ru
Uskayaw
Wu Jian
Xom

Shops:
D:4 *

Annotations:
D:2 Sigmund
D:6 1 runed translucent door, Crazy Yiuf


Innate Abilities, Weirdness & Mutations

You are immune to sickness and miasma.
You are immune to poison.
Your flesh is very heat resistant. (rF++)
You are vulnerable to cold. (rC-)
You float through the air rather than walking.
You learn spells naturally, not from books.
Your magical power is your life essence.
You have superior vitality. (+4 MHP)


Message History

A film of ice covers your body!
The wall freezes the slime creature.
The slime creature hits you!
* * * LOW HITPOINT WARNING * * *
You puncture the slime creature!
You feel better.
The slime creature is moderately wounded.
The wall freezes the slime creature!
The slime creature hits you.
* * * LOW HITPOINT WARNING * * *
Unknown command.
Unknown command.
Your icy armour and frozen ramparts will break if you move.
Continue?
Okay, then.
Unknown command.
Your icy armour and frozen ramparts will break if you move.
Continue?
Okay, then.
The wall freezes the slime creature!
The slime creature hits you but does no damage.
Casting: Ozocubu's Armour (safe; 1% risk of failure)
Confirm with . or Enter, or press ? or * to list all spells.
Okay, then.
Casting: Ozocubu's Armour (safe; 1% risk of failure)
Confirm with . or Enter, or press ? or * to list all spells.
Aiming: Freeze (safe; 1% risk of failure)
Press: ? - help, Shift-Dir - straight line, f - slime creature
Aim: a slime creature (heavily wounded)
You freeze the slime creature!
The slime creature is severely wounded.
* * * LOW HITPOINT WARNING * * *
The wall freezes the slime creature!
The slime creature hits you!
* * * LOW HITPOINT WARNING * * *
Unknown command.
Your icy armour and frozen ramparts will break if you move.
Continue?
The slime creature attacks as you move away!
The slime creature misses you.
Your icy armour cracks and falls away as you move.
The frozen ramparts melt away as you move.
The slime creature attacks as you move away!
The slime creature misses you.
The slime creature attacks as you move away!
The slime creature hits you!
You die...

........≈≈≈≈≈≈≈..*
.####...≈#####≈..#
.#.#....≈#)..#≈..#
.#......≈.)∩.#≈..#
.#......≈#)..#≈..#
.#.#....≈#####≈..#
........≈≈≈≈≈≈≈..#
..#..##..........#
........########@#
#....#......J..J.#
.>##....##########
#.#####.#
#..,,,.)#
###**#### ## .#


You could see 2 slime creatures.

Vanquished Creatures
  An orc warlord (Bailey)
  An orc knight (Bailey)
  A water moccasin (D:7)
  A sky beast (D:7)
  An ice beast (D:5)
  7 orc warriors
  A kobold brigand (D:6)
  3 phantoms
  A necrophage (D:6)
  2 bullfrogs (Sewer)
  3 scorpions
  2 howler monkeys
  A jelly (D:5)
  A gnoll shaman (D:4)
  3 hounds
  3 orc priests
  10 iguanas
  Jessica (D:2)
  Ijyb (D:3)
  Natasha (thrice) (D:3)
  7 orc wizards
  Robin (D:3)
  15 gnolls
  20 adders
  A shadow imp (D:6)
  A white imp (D:7)
  3 ufetubi
  10 worms
  16 orcs
  5 endoplasms
  10 giant cockroaches
  17 goblins
  18 hobgoblins
  2 jackals (D:2)
  19 kobolds
  11 quokkas
  19 ball pythons
  3 bats (D:1)
  14 frilled lizards
  9 rats
248 creatures vanquished.

Vanquished Creatures (others)
  2 fungi (D:6)
2 creatures vanquished.

Grand Total: 250 creatures vanquished

Notes
Turn   | Place    | Note
-------+----------+-------------------------------------------
     0 | D:1      | jimonade the Djinni Ice Elementalist began the quest for
                  | the Orb.
     0 | D:1      | Reached XP level 1. HP: 15/15 MP: 0/0
   406 | D:1      | Reached XP level 2. HP: 20/22 MP: 0/0
  1130 | D:1      | Reached XP level 3. HP: 20/26 MP: 0/0
  1130 | D:1      | Learned a level 1 spell: Beastly Appendage
  1489 | D:1      | Reached skill level 1 in Fighting
  1770 | D:2      | Noticed Sigmund
  2046 | D:2      | Reached skill level 4 in Spellcasting
  2127 | D:2      | Noticed Jessica
  2129 | D:2      | Found a faded altar of an unknown god.
  2140 | D:2      | Reached XP level 4. HP: 25/32 MP: 0/0
  2147 | D:2      | Killed Jessica
  2735 | D:2      | Reached XP level 5. HP: 31/37 MP: 0/0
  2735 | D:2      | Learned a level 2 spell: Static Discharge
  3526 | D:3      | Reached XP level 6. HP: 17/43 MP: 0/0
  3565 | D:3      | Found a glowing drain.
  3573 | Sewer    | Entered a sewer
  4001 | Sewer    | Reached skill level 5 in Spellcasting
  4614 | D:3      | Reached XP level 7. HP: 39/50 MP: 0/0
  4614 | D:3      | Learned a level 3 spell: Confusing Touch
  5029 | D:3      | Noticed Robin
  5039 | D:3      | Killed Robin
  5620 | D:3      | Noticed Natasha
  5624 | D:3      | Killed Natasha
  5649 | D:3      | Noticed Ijyb
  5654 | D:3      | Killed Ijyb
  5656 | D:3      | Reached skill level 1 in Polearms
  5843 | D:3      | Noticed Natasha
  5870 | D:3      | Killed Natasha
  6147 | D:3      | Noticed Natasha
  6154 | D:3      | Killed Natasha
  6849 | D:4      | Reached skill level 1 in Armour
  7122 | D:4      | Reached XP level 8. HP: 54/58 MP: 0/0
  7357 | D:4      | Reached skill level 6 in Spellcasting
  7563 | D:4      | Found a shimmering altar of Xom.
  7782 | D:4      | Found Nesosoy's Assorted Antiques.
  8205 | D:5      | Entered Level 5 of the Dungeon
  8335 | D:5      | Found a sacrificial altar of Ru.
  8438 | D:5      | Reached skill level 5 in Fighting
  8869 | D:5      | Reached XP level 9. HP: 62/65 MP: 0/0
  8869 | D:5      | Learned a level 4 spell: Dispel Undead
  8883 | D:5      | Found a sparkling altar of Nemelex Xobeh.
  8886 | D:5      | Found a hazy altar of Hepliaklqana.
  8886 | D:5      | Found a hide-covered altar of Uskayaw.
  8913 | D:5      | Found an ornate altar of the Wu Jian Council.
  9870 | D:6      | Reached skill level 7 in Spellcasting
 10277 | D:6      | Found a runed translucent door.
 10278 | D:6      | Noticed Crazy Yiuf
 10513 | D:7      | Found a flagged portal.
 10520 | Bailey   | Entered a bailey
 10714 | Bailey   | Noticed an orc warlord
 10893 | Bailey   | Noticed an orc knight
 11004 | Bailey   | Killed an orc knight
 11005 | Bailey   | Reached XP level 10. HP: 46/73 MP: 0/0
 11046 | Bailey   | Reached skill level 8 in Spellcasting
 11297 | Bailey   | Found a runed translucent gate.
 11300 | Bailey   | Found a runed translucent gate.
 11329 | Bailey   | Found a runed translucent gate.
 11702 | Bailey   | Killed an orc warlord
 11703 | Bailey   | Reached skill level 5 in Armour
 12026 | Bailey   | Identified the amulet "Sepev" {Reflect -Tele rPois rC+ SH+5
                  | Stlth+}
 12343 | D:7      | Reached skill level 9 in Spellcasting
 12423 | D:7      | HP: 2/75 [slime creature (12)]
 12428 | D:7      | Mangled by a slime creature

Illustrated notes

Levels and vault maps discovered:
D:1:      wander_arrival_peaceful_grave, layout_basic,
          nicolae_figureground_pulse
D:2:      layout_loops_ring, hellmonk_ecumenical_altar_lost_god, uniq_jessica,
          uniq_sigmund
D:3:      layout_basic, lightli_sewer_entry_pipes, uniq_natasha, uniq_robin,
          uniq_ijyb
D:4:      layout_basic, tgw_xom, serial_shops, shop
D:5:      layout_layer_cave, lemuel_doored_altar, old_standard_altar,
          nicolae_overflow_hidden_temple
D:6:      layout_rooms, uniq_crazy_yiuf_cottage
D:7:      layout_basic, temple_statues, enter_bailey_3,
          hangedman_decor_diamond_cutter, minmay_curled_crystal

Skill      XL: |  1  2  3  4  5  6  7  8  9 10 |
---------------+-------------------------------+-----
Fighting       | 1 2 3 4 5 6 7 |  7.0
Spellcasting   | 4 5 6 7 9 |  9.0
Polearms       | 1 3 |  3.2
Armour         | 1 2 4 5 |  5.3
Dodging        | |  2.1
Stealth        | |  1.5

Action                   |  1- 3 |  4- 6 |  7- 9 | 10-12 || total
-------------------------+-------+-------+-------+-------++-------
Melee: Spear             |       |     7 |   423 |    48 ||   478
       Trident           |       |   106 |    20 |       ||   126
       Punch             |       |     1 |     9 |     1 ||    11
 Cast: Freeze            |    67 |    22 |    29 |     2 ||   120
       Frozen Ramparts   |       |    10 |    35 |     7 ||    52
       Confusing Touch   |       |       |    27 |       ||    27
       Ozocubu's Armour  |       |       |     9 |     4 ||    13
       Static Discharge  |       |       |     4 |       ||     4
       Hailstorm         |       |       |     8 |    26 ||    34
  Use: Scroll            |       |    10 |     3 |       ||    13
 Stab: Sleeping          |       |     4 |     3 |       ||     7
       Distracted        |       |       |     1 |       ||     1
       Confused          |       |       |    27 |       ||    27
Armor: Robe              |    16 |    16 |       |       ||    32
       Leather armour    |       |       |   103 |     3 ||   106
       Ring mail         |       |       |     1 |    12 ||    13
Dodge: Dodged            |    23 |    81 |   190 |    20 ||   314

Table legend: (Time is in decaauts)
 A = Elapsed time spent in this place.
 B = Non-inter-level travel time spent in this place.
 C = Inter-level travel time spent in this place.
 D = Time resting spent in this place.
 E = Time spent auto-exploring this place.
 F = Levels seen in this place.
 G = Mean time per level.
                   A        B        C        D        E       F      G
               +--------+--------+--------+--------+--------+-----+--------+
         Total |  12463 |  12157 |    306 |   2090 |   6258 |   9 | 1384.8 |
       Dungeon |   9795 |   9489 |    306 |    942 |   6010 |   7 | 1399.3 |
         Sewer |   1044 |   1044 |      0 |    385 |    145 |   1 | 1044.0 |
        Bailey |   1623 |   1623 |      0 |    763 |    103 |   1 | 1623.0 |
               +--------+--------+--------+--------+--------+-----+--------+

Top non-repeatable levels by time:
     D:3: 2716 daAuts
     D:1: 1975 daAuts
  Bailey: 1623 daAuts
     D:2: 1302 daAuts
     D:5: 1287 daAuts
     D:4: 1218 daAuts
   Sewer: 1044 daAuts
     D:6: 904 daAuts
     D:7: 391 daAuts
